 Dungeon Crawl Stone Soup version 0.22-a0-271-gc000056 (webtiles) character file.

102 RoseArtemis the Poker (level 4, 0/41 HPs)
             Began as a Minotaur Berserker on Mar 12, 2018.
             Was a Believer of Trog.
             Succumbed to a killer bee's poison
             ... on level 2 of the Dungeon.
             The game lasted 00:06:08 (1367 turns).

RoseArtemis the Poker (Minotaur Berserker)          Turns: 1367, Time: 00:06:09

Health: 0/41       AC:  6    Str: 22    XL:     4   Next: 49%
Magic:  3/3        EV: 11    Int:  4    God:    Trog [**....]
Gold:   99         SH:  0    Dex: 10    Spells: 3/3 levels left

rFire    . . .     SeeInvis .   a - +0 spear
rCold    . . .     Gourm    .   (no shield)
rNeg     . . .     Faith    .   l - +0 ring mail (curse)
rPois    .         Spirit   .   (helmet restricted)
rElec    .         Reflect  .   (no cloak)
rCorr    .         Harm     .   (no gloves)
MR       .....                  f - +0 pair of boots
Stlth    ..........             (no amulet)
HPRegen  0.13/turn              (no ring)
MPRegen  0.08/turn              (no ring)

@: lethally poisoned (0 -> -14)
A: retaliatory headbutt, horns 2
a: Berserk, Trog's Hand, Renounce Religion


You were on level 2 of the Dungeon.
You worshipped Trog.
Trog was pleased with you.
You were hungry.

You visited 1 branch of the dungeon, and saw 2 of its levels.

You collected 99 gold pieces.

Inventory:

Hand Weapons
 a - a +0 spear (weapon)
Armour
 b - a +0 animal skin
 f - a +0 pair of boots (worn)
 l - a cursed +0 ring mail (worn)
Scrolls
 e - a scroll of blinking {unknown}
 h - a scroll of fog {unknown}
 j - a scroll of noise {unknown}
 k - a scroll of immolation {unknown}
Potions
 g - a potion of agility
 i - a potion of flight
 n - 2 potions of heal wounds
Comestibles
 c - 3 rations


   Skills:
 + Level 4.5 Fighting
 * Level 5.2 Polearms
 + Level 3.5 Armour
 - Level 2.1 Dodging


You had 3 spell levels left.
You didn't know any spells.

Dungeon Overview and Level Annotations

Branches:
Dungeon (2/15)

Altars:


Innate Abilities, Weirdness & Mutations

You reflexively headbutt those who attack you in melee.
You have a pair of horns on your head.


Message History

You feel sick. The killer bee stings you.
* * * LOW HITPOINT WARNING * * *
It was a potion of heal wounds.
You feel much better. The killer bee closely misses you.
The killer bee stings you. The killer bee stings you.
The killer bee closely misses you.
You feel sick. The killer bee misses you. The killer bee closely misses you.
The killer bee stings you. The killer bee stings you.
* * * LOW HITPOINT WARNING * * *
You are more poisoned.
The killer bee poisons you!
You feel sick. The killer bee misses you.
You see here 23 bolts.
You feel sick. The killer bee stings you!
* * * LOW HITPOINT WARNING * * *
You are more poisoned.
The killer bee poisons you!
You die...

## ###### .#
#####....###
(###..........#######
.....#####...)!.....#
..##'#[)$#'##...###.###
###..#...#..###.......#
#.#..#...#..# ##y.#.#.#
..#..#...#..# +..#
#.#..#...#..# ##@.#
###..#...#.[###..##
..####...####...##
#....##†##....#.#
###........##...#
##...#.#..###.###
#........## #.#
#.......## #.#
#.....#.#####.#


You could see a killer bee.

Vanquished Creatures
  A worker ant (D:2)
  2 adders (D:2)
  A worm (D:2)
  3 dart slugs (D:1)
  A leopard gecko (D:1)
  A giant cockroach (D:2)
  8 goblins
  4 hobgoblins (D:1)
  2 jackals (D:2)
  9 kobolds
  9 bats
  3 frilled lizards
  6 rats
50 creatures vanquished.

Notes
Turn   | Place    | Note
-------+----------+-------------------------------------------
     0 | D:1      | RoseArtemis the Minotaur Berserker began the quest for the Orb.
     0 | D:1      | Reached XP level 1. HP: 19/19 MP: 0/0
   145 | D:1      | Reached skill level 4 in Polearms
   145 | D:1      | Reached XP level 2. HP: 27/27 MP: 1/1
   430 | D:1      | Reached XP level 3. HP: 31/33 MP: 2/2
   466 | D:1      | Reached ** piety under Trog
  1308 | D:2      | Reached XP level 4. HP: 41/41 MP: 3/3
  1327 | D:2      | Reached skill level 5 in Polearms
  1357 | D:2      | HP: 2/41 [poisoned by a killer bee]
  1366 | D:2      | HP: 1/41 [killer bee (7)]
  1367 | D:2      | Succumbed to a killer bee's poison

Vault maps used:
D:1:      eino_arrival_cavern_c, minmay_crystal_room,
          minmay_misc_feat_more_columns
D:2:      minmay_divided_ellipse

Skill      XL: |  1  2  3  4 |
---------------+-------------+-----
Polearms       | 4 5 |  5.2
Fighting       | 4 |  4.5
Armour         | 3 |  3.5
Dodging        | |  2.1

Action                   |  1- 3 |  4- 6 || total
-------------------------+-------+-------++-------
Melee: Spear             |   120 |    10 ||   130
       Headbutt          |    17 |     3 ||    20
  Use: Scroll            |     3 |       ||     3
       Potion            |       |     1 ||     1
  Eat: Chunk             |     1 |       ||     1
Armor: Animal skin       |    19 |       ||    19
       Ring mail         |     1 |     9 ||    10
Dodge: Dodged            |    45 |    17 ||    62

Table legend:
 A = Spawn XP
 B = Non-spawn XP
 C = Spawn XP percentage of total XP
 D = Spawn monster count
 E = Non-spawn monster count
 F = Spawn count percentage of total count
 G = Total turns spent on level
                    A         B        C        D         E        F      G
               +---------+---------+-------+---------+---------+-------+---------
         Total |       0 |     146 |   0.0 |       0 |      50 |   0.0 |  1367
               +---------+---------+-------+---------+---------+-------+---------
           D:1 |       0 |      63 |   0.0 |       0 |      35 |   0.0 |   957
           D:2 |       0 |      83 |   0.0 |       0 |      15 |   0.0 |   410
               +---------+---------+-------+---------+---------+-------+---------
